 Dungeon Crawl Stone Soup version 0.27-a0-695-gb4952372f7 (webtiles) character file.

Game seed: 14740892460112492794

46 Majang the Chopper (level 3, -4/30 HPs)
             Began as a Ghoul Gladiator on Mar 22, 2021.
             Splashed by a jelly's acid (7 damage)
             ... on level 1 of the Dungeon.
             The game lasted 00:03:22 (1459 turns).

Majang the Chopper (Ghoul Gladiator)                Turns: 1459, Time: 00:03:23

Health: -4/30      AC:  4    Str: 18    XL:     3   Next: 68%
Magic:  2/2        EV: 12    Int:  3    God:
Gold:   17         SH:  0    Dex: 10    Spells: 2/2 levels left

rFire    . . .     SeeInvis .   a - +0 war axe
rCold    + . .     Faith    .   (no shield)
rNeg     + + +     Spirit   .   b - +0 leather armour
rPois    ∞         Reflect  .   c - +0 helmet
rElec    .         Harm     .   (no cloak)
rCorr    .         Rampage  .   (no gloves)
Will     .....                  (no boots)
Stlth    +.........             (no amulet)
HPRegen  0.00/turn              (no ring)
MPRegen  0.08/turn              (no ring)

@: no status effects
A: claws 1, cold resistance 1, negative energy resistance 3, inhibited
regeneration, torment resistance 2, unbreathing 1
a: no special abilities


You were on level 1 of the Dungeon.
You visited 1 branch of the dungeon, and saw 2 of its levels.

You collected 17 gold pieces.

Inventory:

Hand Weapons
 a - a +0 war axe (weapon)
Missiles
 d - 3 throwing nets (quivered)
Armour
 b - a +0 leather armour (worn)
 c - a +0 helmet (worn)
Scrolls
 h - 2 scrolls of vulnerability {unknown}
 i - a scroll of identify {unknown}
Potions
 f - a potion of attraction {unknown}
 g - a potion of might {unknown}
 j - a potion of haste {unknown}


   Skills:
 + Level 2.7 Fighting
 * Level 3.3 Axes
 - Level 1.7 Throwing
 + Level 1.0 Armour
 + Level 3.0 Dodging


You had 2 spell levels left.
You didn't know any spells.
Your spell library was empty.

Dungeon Overview and Level Annotations

Branches:
Dungeon (2/15)

Altars:
Yredelemnul


Innate Abilities, Weirdness & Mutations

You thrive by killing the living.
You are immune to poison.
You have sharp fingernails.
Your flesh is cold resistant. (rC+)
You are immune to negative energy. (rN+++)
You do not regenerate when monsters are visible.
You are immune to unholy pain and torment.
You can survive without breathing.


Message History

An adder comes into view.
The worm barely misses you.
The adder hisses angrily.
You slash the worm!
You kill the worm!
You feel better. The bat misses you.
A jelly comes into view.
The jelly quivers.
The bat hits you.
You slash the bat!
You kill the bat!
The jelly hits you. The acid corrodes you!
You are splashed with acid!
You completely miss the jelly. The jelly hits you.
You are splashed with acid!
* * * LOW HITPOINT WARNING * * *
You hit the jelly but do no damage. The acid corrodes you!
Your claws burn!
* * * LOW HITPOINT WARNING * * *
The jelly closely misses you.
You barely miss the jelly. The jelly barely misses you.
It was a potion of curing.
You feel better. The jelly barely misses you.
Found a short sword.
Found an escape hatch in the ceiling.
Found 17 gold pieces and a robe.
Found a scroll labelled GENITU TIMOIXI.
You see here a scroll labelled GENITU TIMOIXI.
You are no longer corroded.
There is a stone staircase leading up here.
The jelly barely misses you.
You climb upwards.
There is a stone staircase leading down here.
You slash the jelly!
Your claws burn!
* * * LOW HITPOINT WARNING * * *
The jelly is heavily wounded.
The jelly hits you but does no damage.
You slash the jelly!
Your claws burn!
* * * LOW HITPOINT WARNING * * *
The jelly is almost dead.
The jelly hits you.
* * * LOW HITPOINT WARNING * * *
You are splashed with acid!
You die...

#...# ###### #...#
#..... #...# #.....
#...# #..... #...#
#..... #...# #.....
####...##### #.....
#..J.......#####.....
###...@......'...'.....
#............#####.....
#....#...##### ######
#....###.# #....# #.#
#....# #.# #....#
#)####
#....###....######
#....##..........#


You could see a jelly.

Vanquished Creatures
  A worm (D:2)
  2 dart slugs (D:1)
  A leopard gecko (D:1)
  4 bats
  4 giant cockroaches
  5 goblins
  5 hobgoblins
  A quokka (D:1)
  3 frilled lizards
  8 kobolds
  3 rats
37 creatures vanquished.

Notes
Turn   | Place    | Note
-------+----------+-------------------------------------------
     0 | D:1      | Majang the Ghoul Gladiator began the quest for the Orb.
     0 | D:1      | Reached XP level 1. HP: 17/17 MP: 0/0
   298 | D:1      | Reached XP level 2. HP: 25/25 MP: 1/1
   504 | D:1      | Reached XP level 3. HP: 20/30 MP: 2/2
  1285 | D:2      | Reached skill level 1 in Armour
  1351 | D:2      | Found a basalt altar of Yredelemnul.
  1459 | D:1      | Splashed by a jelly's acid

Illustrated notes

Levels and vault maps discovered:
D:1:      nicolae_arrival_washed_ashore, layout_basic
D:2:      lemuel_upstairs_altar, layout_rooms, general_overflow_altar,
          grunt_decor_resistance

Skill      XL: |  1  2  3 |
---------------+----------+-----
Axes           | 3 |  3.3
Dodging        | 3 |  3.0
Armour         | 1 |  1.0
Fighting       | |  2.7
Throwing       | |  1.7

Action                   || total
-------------------------++-------
Melee: War axe           ||   125
  Use: Potion            ||     1
Armor: Leather armour    ||    43
Dodge: Dodged            ||   115

Table legend: (Time is in decaauts)
 A = Elapsed time spent in this place.
 B = Non-inter-level travel time spent in this place.
 C = Inter-level travel time spent in this place.
 D = Time resting spent in this place.
 E = Time spent auto-exploring this place.
 F = Levels seen in this place.
 G = Mean time per level.
                   A        B        C        D        E       F      G
               +--------+--------+--------+--------+--------+-----+--------+
         Total |   1501 |   1442 |     59 |    559 |    561 |   2 |  750.5 |
       Dungeon |   1501 |   1442 |     59 |    559 |    561 |   2 |  750.5 |
               +--------+--------+--------+--------+--------+-----+--------+

Top non-repeatable levels by time:
     D:1: 1184 daAuts
     D:2: 317 daAuts
